3L
ROCKY MOUNTAIN NUGGETS @ LAS VEGAS FLAMINGOS
09/26/2025
 
TOP OF THE 1ST
Rocky Mountain Nuggets batting - Pitching for Las Vegas Flamingos : LHP Jeff Bradshaw
Pitching: LHP Jeff Bradshaw
Batting: RHB Javier Martínez 0-0: Ground out 6-3 (Groundball, 56D)
Batting: RHB Iván Vega 0-0: Ball
1-0: SINGLE (Groundball, 15S) (infield hit)
Batting: LHB Javier Sánchez 0-0: Called Strike
0-1: Ball
1-1: Swinging Strike
1-2: Foul Ball, location: 2F
1-2: Foul Ball, location: 2F
1-2: Ball
2-2: SINGLE (Line Drive, 34D)
Iván Vega to second
Batting: RHB Andrés Rodríguez 0-0: Called Strike
0-1: Fielders Choice at 2nd, 4-6 (Groundball, 4)
Iván Vega to third
Batting: RHB Michael Riley 0-0: SINGLE (Line Drive, 56D)
Iván Vega scores
Andrés Rodríguez to second
Batting: RHB Gary Chalmers 0-0: Ball
1-0: Foul Ball, location: 2F
1-1: Swinging Strike
1-2: Foul Ball, location: 2F
1-2: Strikes out looking
Top of the 1st over - 1 run(s), 3 hit(s), 0 error(s), 2 left on base; Rocky Mountain 1 - Las Vegas 0
BOTTOM OF THE 1ST
Las Vegas Flamingos batting - Pitching for Rocky Mountain Nuggets : RHP Félix Jiménez
Pitching: RHP Félix Jiménez
Batting: LHB Roberto Salazar 0-0: Ball
1-0: Ball
2-0: Called Strike
2-1: Foul Ball, location: 2F
2-2: SINGLE (Groundball, 5) (infield hit)
Batting: RHB Xavier Hernández 0-0: Grounds into double play, 6-4-3 (Groundball, 6M)
Batting: LHB Victor Adams 0-0: Swinging Strike
0-1: Foul Ball, location: 2F
0-2: Ball
1-2: Ground out 4-3 (Groundball, 4)
Bottom of the 1st over - 0 run(s), 1 hit(s), 0 error(s), 0 left on base; Rocky Mountain 1 - Las Vegas 0
TOP OF THE 2ND
Rocky Mountain Nuggets batting - Pitching for Las Vegas Flamingos : LHP Jeff Bradshaw
Batting: LHB Randy Bowen 0-0: Foul Ball, location: 2F
0-1: Ball
1-1: Ball
2-1: Foul Ball, location: 2F
2-2: Strikes out looking
Batting: RHB Paul Smith 0-0: Ground out 6-3 (Groundball, 6)
Batting: RHB Mark Melton 0-0: Ball
1-0: Called Strike
1-1: Foul Ball, location: 2F
1-2: Ball
2-2: Ball
3-2: Base on Balls
Batting: RHB Javier Martínez 0-0: Ball
1-0: Fly out, F7 (Flyball, 78S)
Top of the 2nd over - 0 run(s), 0 hit(s), 0 error(s), 1 left on base; Rocky Mountain 1 - Las Vegas 0
BOTTOM OF THE 2ND
Las Vegas Flamingos batting - Pitching for Rocky Mountain Nuggets : RHP Félix Jiménez
Batting: LHB Chris McKinney 0-0: Foul Ball, location: 2F
0-1: Ball
1-1: Called Strike
1-2: Strikes out looking
Batting: RHB Sake van Arem 0-0: Called Strike
0-1: Called Strike
0-2: SINGLE (Line Drive, 6D)
Batting: RHB Jeff Young 0-0: Swinging Strike
0-1: Foul Ball, location: 2F
0-2: Ball
1-2: Foul Ball, location: 2F
1-2: Foul Ball, location: 2F
1-2: Foul Ball, location: 2F
1-2: Strikes out looking
Batting: LHB Jake Shelton 0-0: Ball
1-0: Ball
Sake van Arem steals 2nd base
2-0: Ball
3-0: Called Strike
3-1: Swinging Strike
3-2: Strikes out looking
Bottom of the 2nd over - 0 run(s), 1 hit(s), 0 error(s), 1 left on base; Rocky Mountain 1 - Las Vegas 0
TOP OF THE 3RD
Rocky Mountain Nuggets batting - Pitching for Las Vegas Flamingos : LHP Jeff Bradshaw
Batting: RHB Iván Vega 0-0: Ball
1-0: Ball
2-0: SINGLE (Flyball, 4D)
Batting: LHB Javier Sánchez 0-0: Ball
Iván Vega steals 2nd base
1-0: Swinging Strike
1-1: Fly out, F7 (Flyball, 78M)
Batting: RHB Andrés Rodríguez 0-0: Called Strike
Iván Vega is caught stealing 3rd base
0-1: SOLO HOME RUN (Flyball, 7D), Distance : 385 ft
Batting: RHB Michael Riley 0-0: Ball
1-0: Called Strike
1-1: Called Strike
1-2: Strikes out swinging
Top of the 3rd over - 1 run(s), 2 hit(s), 0 error(s), 0 left on base; Rocky Mountain 2 - Las Vegas 0
BOTTOM OF THE 3RD
Las Vegas Flamingos batting - Pitching for Rocky Mountain Nuggets : RHP Félix Jiménez
Batting: SHB Kunimichi Chikafuji 0-0: Ball
1-0: Ball
2-0: Foul Ball, location: 2F
2-1: Foul Ball, location: 2F
2-2: Ball
3-2: Fly out, F4 (Line Drive, 4)
Batting: RHB Edmund Gallagher 0-0: Fly out, F6 (Popup, 56)
Batting: LHB Roberto Salazar 0-0: Foul Ball, location: 2F
0-1: Ball
1-1: Called Strike
1-2: Ball
2-2: Foul Ball, location: 2F
2-2: Strikes out swinging
Bottom of the 3rd over - 0 run(s), 0 hit(s), 0 error(s), 0 left on base; Rocky Mountain 2 - Las Vegas 0
TOP OF THE 4TH
Rocky Mountain Nuggets batting - Pitching for Las Vegas Flamingos : LHP Jeff Bradshaw
Batting: RHB Gary Chalmers 0-0: Called Strike
0-1: Ball
1-1: Ball
2-1: SINGLE (Groundball, 4MD)
Batting: LHB Randy Bowen 0-0: Called Strike
0-1: Called Strike
0-2: Foul Ball, location: 2F
0-2: Fly out, F4 (Line Drive, 4M)
Batting: RHB Paul Smith 0-0: Ball
1-0: Ball
2-0: Grounds into double play, 6-4-3 (Groundball, 6)
Top of the 4th over - 0 run(s), 1 hit(s), 0 error(s), 0 left on base; Rocky Mountain 2 - Las Vegas 0
BOTTOM OF THE 4TH
Las Vegas Flamingos batting - Pitching for Rocky Mountain Nuggets : RHP Félix Jiménez
Batting: RHB Xavier Hernández 0-0: Ball
1-0: Foul Ball, location: 2F
1-1: Ball
2-1: Swinging Strike
2-2: Foul Ball, location: 2F
2-2: Strikes out looking
Batting: LHB Victor Adams 0-0: Ball
1-0: Called Strike
1-1: Foul Ball, location: 2F
1-2: TRIPLE (Flyball, 9D)
Batting: LHB Chris McKinney 0-0: Fly out, F4 (Popup, 4D)
Batting: RHB Sake van Arem 0-0: Foul Ball, location: 2F
0-1: Foul Ball, location: 2F
0-2: Ball
1-2: Ball
2-2: Foul Ball, location: 2F
2-2: SINGLE (Line Drive, 6M)
Victor Adams scores
Batting: RHB Jeff Young 0-0: Ball
1-0: Ball
2-0: Ball
3-0: Called Strike
3-1: Foul Ball, location: 2F
3-2: Foul Ball, location: 2F
3-2: Foul Ball, location: 2F
3-2: Base on Balls
Sake van Arem to second
Batting: LHB Jake Shelton 0-0: Ball
1-0: Called Strike
1-1: Foul Ball, location: 2F
1-2: Ball
2-2: Ground out U3 (Groundball, 3)
Bottom of the 4th over - 1 run(s), 2 hit(s), 0 error(s), 2 left on base; Rocky Mountain 2 - Las Vegas 1
TOP OF THE 5TH
Rocky Mountain Nuggets batting - Pitching for Las Vegas Flamingos : LHP Jeff Bradshaw
Batting: RHB Mark Melton 0-0: Foul Ball, location: 2F
0-1: Ball
1-1: Ball
2-1: DOUBLE (Line Drive, 5D)
Batting: RHB Javier Martínez 0-0: Ball
1-0: Foul Ball, location: 2F
1-1: Called Strike
1-2: Ball
2-2: Reached on error, E4 (Groundball, 4)
Mark Melton to third
Batting: RHB Iván Vega 0-0: Called Strike
0-1: Ball
1-1: Ball
2-1: Ball
3-1: Base on Balls
Javier Martínez to second
Batting: LHB Javier Sánchez 0-0: Fly out, F6 (Line Drive, 6M)
Lined into DP, U6 (Line Drive, 6M)
Batting: RHB Andrés Rodríguez 0-0: Called Strike
0-1: Foul Ball, location: 2F
0-2: Ground out 5-3 (Groundball, 5)
Top of the 5th over - 0 run(s), 1 hit(s), 1 error(s), 2 left on base; Rocky Mountain 2 - Las Vegas 1
BOTTOM OF THE 5TH
Las Vegas Flamingos batting - Pitching for Rocky Mountain Nuggets : RHP Félix Jiménez
Batting: SHB Kunimichi Chikafuji 0-0: Called Strike
0-1: Swinging Strike
0-2: Foul Ball, location: 2F
0-2: Foul Ball, location: 2F
0-2: Foul Ball, location: 2F
0-2: Ball
1-2: Ball
2-2: Foul Ball, location: 2F
2-2: Foul Ball, location: 2F
2-2: DOUBLE (Flyball, 89XD)
Batting: RHB Edmund Gallagher 0-0: Ball
1-0: Called Strike
1-1: SINGLE (Line Drive, 6)
Kunimichi Chikafuji to third
Runner from 3rd tries for Home, throw and OUT!
Batting: LHB Roberto Salazar 0-0: Ball
1-0: Fielders Choice at 2nd, 1-6 (Groundball, 13)
Batting: RHB Xavier Hernández 0-0: Ball
1-0: Ball
2-0: Called Strike
2-1: Ball
3-1: Called Strike
3-2: Strikes out swinging
Bottom of the 5th over - 0 run(s), 2 hit(s), 0 error(s), 1 left on base; Rocky Mountain 2 - Las Vegas 1
TOP OF THE 6TH
Rocky Mountain Nuggets batting - Pitching for Las Vegas Flamingos : LHP Jeff Bradshaw
Batting: RHB Michael Riley 0-0: Swinging Strike
0-1: Ball
1-1: Ball
2-1: Ball
3-1: Foul Ball, location: 2F
3-2: Strikes out swinging
Batting: RHB Gary Chalmers 0-0: Ball
1-0: Called Strike
1-1: Ball
2-1: SINGLE (Groundball, 56D)
Batting: LHB Randy Bowen 0-0: Ball
1-0: Ball
2-0: Ball
3-0: Called Strike
3-1: Swinging Strike
3-2: Strikes out looking
Batting: RHB Paul Smith 0-0: Fly out, F8 (Flyball, 8RXD)
Top of the 6th over - 0 run(s), 1 hit(s), 0 error(s), 1 left on base; Rocky Mountain 2 - Las Vegas 1
BOTTOM OF THE 6TH
Las Vegas Flamingos batting - Pitching for Rocky Mountain Nuggets : RHP Félix Jiménez
Now at C: Juan Sánchez
Now in LF: Juan Ríos
Batting: LHB Victor Adams 0-0: Called Strike
0-1: Ground out U3 (Groundball, 3S)
Batting: LHB Chris McKinney 0-0: Called Strike
0-1: Foul Ball, location: 2F
0-2: Fly out, F4 (Popup, 4S)
Batting: RHB Sake van Arem 0-0: Ball
1-0: Ball
2-0: Swinging Strike
2-1: Ball
3-1: Base on Balls
Pitching: RHP Jorge Garza
Batting: RHB Jeff Young 0-0: Ball
Sake van Arem steals 2nd base
1-0: Ball
2-0: Ball
3-0: Called Strike
3-1: Foul Ball, location: 2F
3-2: DOUBLE (Line Drive, 7LM)
Sake van Arem scores
Batting: LHB Jake Shelton 0-0: Ball
1-0: Ground out 1-3 (Groundball, 15S)
Bottom of the 6th over - 1 run(s), 1 hit(s), 0 error(s), 1 left on base; Rocky Mountain 2 - Las Vegas 2
TOP OF THE 7TH
Rocky Mountain Nuggets batting - Pitching for Las Vegas Flamingos : LHP Jeff Bradshaw
Batting: RHB Mark Melton 0-0: Called Strike
0-1: Ball
1-1: Called Strike
1-2: Strikes out looking
Batting: RHB Javier Martínez 0-0: Ball
1-0: Fly out, F7 (Flyball, 78M)
Batting: RHB Iván Vega 0-0: Foul Ball, location: 2F
0-1: Swinging Strike
0-2: SINGLE (Groundball, 6) (infield hit)
Batting: LHB Javier Sánchez 0-0: Foul Ball, location: 2F
0-1: Ball
1-1: Ball
2-1: 2-RUN HOME RUN (Flyball, 9D), Distance : 397 ft
Batting: RHB Andrés Rodríguez 0-0: Ball
1-0: Ball
2-0: Ball
3-0: Called Strike
3-1: Fly out, F1 (Line Drive, 15S)
Top of the 7th over - 2 run(s), 2 hit(s), 0 error(s), 0 left on base; Rocky Mountain 4 - Las Vegas 2
BOTTOM OF THE 7TH
Las Vegas Flamingos batting - Pitching for Rocky Mountain Nuggets : RHP Jorge Garza
Batting: SHB Kunimichi Chikafuji 0-0: Ball
1-0: Ball
2-0: Ball
3-0: Base on Balls
Batting: RHB Edmund Gallagher 0-0: Ball
1-0: SINGLE (Line Drive, 6D)
Kunimichi Chikafuji to second
Batting: LHB Roberto Salazar 0-0: Called Strike
0-1: Foul Ball, location: 2F
0-2: Ball
1-2: Foul Ball, location: 2F
1-2: Foul Ball, location: 2F
1-2: Ball
2-2: Strikes out swinging
Batting: RHB Xavier Hernández 0-0: Ball
1-0: Foul Ball, location: 2F
1-1: Swinging Strike
1-2: Ball
2-2: Strikes out swinging
Batting: LHB Victor Adams 0-0: Ball
1-0: Swinging Strike
1-1: Foul Ball, location: 2F
1-2: Foul Ball, location: 2F
1-2: Foul Ball, location: 2F
1-2: Foul Ball, location: 2F
1-2: Strikes out swinging
Bottom of the 7th over - 0 run(s), 1 hit(s), 0 error(s), 2 left on base; Rocky Mountain 4 - Las Vegas 2
TOP OF THE 8TH
Rocky Mountain Nuggets batting - Pitching for Las Vegas Flamingos : LHP Jeff Bradshaw
Pitching: RHP John Brown
Batting: LHB Juan Ríos 0-0: Called Strike
0-1: Called Strike
0-2: Ball
1-2: Ground out U3 (Groundball, 3S)
Batting: SHB Juan Sánchez 0-0: Called Strike
0-1: Ball
1-1: Swinging Strike
1-2: Strikes out looking
Batting: LHB Randy Bowen 0-0: Ball
1-0: Called Strike
1-1: Foul Ball, location: 2F
1-2: Ball
2-2: Fly out, F8 (Flyball, 8LS)
Top of the 8th over - 0 run(s), 0 hit(s), 0 error(s), 0 left on base; Rocky Mountain 4 - Las Vegas 2
BOTTOM OF THE 8TH
Las Vegas Flamingos batting - Pitching for Rocky Mountain Nuggets : RHP Jorge Garza
Batting: LHB Chris McKinney 0-0: Ball
1-0: SINGLE (Groundball, 34D)
Batting: RHB Sake van Arem 0-0: Ball
1-0: Called Strike
1-1: Foul Ball, location: 2F
1-2: TRIPLE (Flyball, 9LS)
Chris McKinney scores
Batting: RHB Jeff Young 0-0: Called Strike
0-1: Foul Ball, location: 2F
0-2: Ball
1-2: Strikes out swinging
Pitching: LHP Kaluka Wene
Pinch Hitting: RHB John Aston 0-0: Called Strike
0-1: Called Strike
0-2: Ball
1-2: Ball
2-2: Ball
3-2: Base on Balls
Pitching: RHP Ricardo Campos
Batting: SHB Kunimichi Chikafuji 0-0: Ball
1-0: Foul Ball, location: 2F
1-1: Swinging Strike
1-2: Strikes out looking
Pinch Hitting: LHB Sinclair van Kooten 0-0: Foul Ball, location: 2F
0-1: Called Strike
0-2: Ball
1-2: Strikes out swinging
Bottom of the 8th over - 1 run(s), 2 hit(s), 0 error(s), 2 left on base; Rocky Mountain 4 - Las Vegas 3
TOP OF THE 9TH
Rocky Mountain Nuggets batting - Pitching for Las Vegas Flamingos : RHP John Brown
Pitching: RHP Enrique García
Now in LF: Sinclair van Kooten
Now in CF: Terry Sylvester
Batting: RHB Paul Smith 0-0: Called Strike
0-1: Ball
1-1: Ball
2-1: Fly out, F9 (Flyball, 9)
Batting: RHB Mark Melton 0-0: Called Strike
0-1: Ball
1-1: Ball
2-1: Called Strike
2-2: Strikes out looking
Batting: RHB Javier Martínez 0-0: Called Strike
0-1: Ball
1-1: Fly out, F1 (Line Drive, 13)
Top of the 9th over - 0 run(s), 0 hit(s), 0 error(s), 0 left on base; Rocky Mountain 4 - Las Vegas 3
BOTTOM OF THE 9TH
Las Vegas Flamingos batting - Pitching for Rocky Mountain Nuggets : RHP Ricardo Campos
Pitching: RHP Kenny Powers
Batting: LHB Roberto Salazar 0-0: Ball
1-0: Foul Ball, location: 2F
1-1: Ball
2-1: Foul Ball, location: 2F
2-2: Ball
3-2: Foul Ball, location: 2F
3-2: Strikes out swinging
Batting: RHB Xavier Hernández 0-0: Ball
1-0: Foul Ball, location: 2F
1-1: Called Strike
1-2: Fly out, F9 (Flyball, 9)
Batting: LHB Victor Adams 0-0: Ground out 6-3 (Groundball, 6)
Bottom of the 9th over - 0 run(s), 0 hit(s), 0 error(s), 0 left on base; Rocky Mountain 4 - Las Vegas 3
Friday, December 30th, 2016 - OOTP Baseball 17.12 Build 75